 Seeded DCSS version 0.30.1-4-g462c640d31 (webtiles) character file.

Game seed: 6351066067085065685 (custom seed)

7 Esekla the Grave Robber (level 1, -1/10 HPs)
             Began as a Deep Elf Necromancer on Aug 19, 2023.
             Constricted to death by a goblin (4 damage)
             ... on level 2 of the Dungeon.
             The game lasted 00:04:09 (360 turns).

Esekla the Grave Robber (Deep Elf Necromancer)       Turns: 360, Time: 00:04:09

Health: -1/10      AC:  2    Str:  5    XL:     1   Next: 83%
Magic:  6/6        EV:  9    Int: 19    God:
Gold:   12         SH:  0    Dex: 15    Spells: 5/6 levels left

rFire   . . .        c - +0 short sword
rCold   . . .        (no shield)
rNeg    . . .        a - +0 robe
rPois   .            (no helmet)
rElec   .            (no cloak)
rCorr   .            (no gloves)
SInv    .            (no boots)
Will    .....        (no amulet)
Stlth   ++           (no ring)
HPRegen 0.21/turn    (no ring)
MPRegen 0.10/turn

%: no passive effects
@: grasped by roots, constricted
A: no striking features
a: no special abilities


You were on level 2 of the Dungeon.
You visited 1 branch of the dungeon, and saw 2 of its levels.

You collected 12 gold pieces.

Inventory:

Hand Weapons
 c - a +0 short sword (weapon)
Armour
 a - a +0 robe (worn)
Scrolls
 e - a scroll of fear {unknown}
 f - 2 scrolls of identify {unknown}
Potions
 b - a potion of magic
 d - a potion of ambrosia {unknown}
 g - a potion of haste {unknown}


   Skills:
 * Level 2.5 Dodging
 + Level 2.5 Stealth
 * Level 3.2 Spellcasting
 + Level 5.0 Necromancy


You had 5 spell levels left.
You knew the following spells:

 Your Spells              Type           Power      Damage    Failure   Level
a - Necrotise             Necr           88%        1d8       1%          1

Your spell library contained the following spells:

 Spells                   Type           Power      Damage    Failure   Level
 Vampiric Draining        Necr           22%        2d7       5%          3
 Animate Dead             Necr           22%        N/A       19%         4
 Agony                    Necr           22%        N/A       45%         5


Dungeon Overview and Level Annotations

Branches:
Dungeon (2/15)

Altars:


Message History

The bat closely misses you. The bat hits you.
* * * LOW HITPOINT WARNING * * *
The bat misses you.
You barely miss the bat.
The bat is heavily wounded.
The bat misses you. x2
You hit the bat.
You kill the bat!
Things that are here:
a +0 club; a goblin corpse
Found 4 gold pieces.
You now have 4 gold pieces.
Found a scroll labelled OPUZOUSOET.
Found a stone staircase leading down.
f - 2 scrolls labelled OPUZOUSOET (gained 1)
There is a stone staircase leading down here.
Things that are here:
a +0 club; a goblin corpse You see here a bat corpse.
Found 6 gold pieces.
Found a dagger.
You see here a +0 dagger.
Found 8 gold pieces and a yellow potion.
You now have 12 gold pieces (gained 8).
A goblin comes into view.
It is wielding a +0 dagger and carrying a wand of roots (9).
You see here a yellow potion.
The goblin zaps a wand.
The roots erupt in riotous growth!
The grasping roots grab you! The grasping roots constrict you.
You see here a yellow potion.
g - a yellow potion The grasping roots constrict you.
The roots grasp on you weakens, but your attempt to escape fails.
The grasping roots constrict you.
* * * LOW HITPOINT WARNING * * *
You escape the roots grasp.
The goblin zaps a wand.
The roots erupt in riotous growth!
The grasping roots grab you! The grasping roots constrict you.
You die...

#.####..#.###
#......##########
#.............g..
.#######.###..##########
.........# #.<# #
.#######.# #..# # . #)#
#..# ## #...#######.#
#..#########.
#....g...@.#
#....†...)..#
#.##########
#.##########. #.# ##
####.# # #....# # #....#
# #...## ##.## #.#


You could see a goblin.

Vanquished Creatures
  2 ball pythons (D:1)
  A bat (D:2)
  A goblin (D:2)
  A frilled lizard (D:1)
  A kobold (D:1)
6 creatures vanquished.

Notes
Turn   | Place    | Note
-------+----------+-------------------------------------------
     0 | D:1      | Esekla the Deep Elf Necromancer began the quest for the
                  | Orb.
     0 | D:1      | Reached XP level 1. HP: 10/10 MP: 6/6
   183 | D:2      | Reached skill level 5 in Necromancy
   360 | D:2      | Constricted to death by a goblin

Illustrated notes

Levels and vault maps discovered:
D:1:      sevenhm_arrival_forest_fort_small_3, layout_rooms,
          chequers_serial_rivers_room_b, minmay_misc_feat_five
D:2:      layout_loops_ring, dreamdust_ecumenical_altar_angels_and_demons,
          serial_shops, shop

Skill      XL: |  1 |
---------------+----+-----
Necromancy     | 5 |  5.0
Dodging        | |  2.5
Stealth        | |  2.5
Spellcasting   | |  3.2

Action                     || total
---------------------------++-------
  Melee: Short sword       ||    25
         Unarmed           ||     9
   Stab: Sleeping          ||     1
 Armour: Robe              ||    25
  Dodge: Dodged            ||    59
